 Dungeon Crawl Stone Soup version 0.18-a0-1542-g9c1a92e (webtiles) character file.

442 Gottschkopf the Blocker (level 6, -4/51 HPs)
             Began as a Minotaur Fighter on Mar 10, 2016.
             Was an Initiate of Okawaru.
             Slain by an ogre
             ... wielding a +0 giant spiked club
              (14 damage)
             ... on level 5 of the Dungeon.
             The game lasted 00:12:04 (3409 turns).

Gottschkopf the Blocker (Minotaur Fighter)          Turns: 3409, Time: 00:12:04

Health: -4/51      AC: 22    Str: 22    XL:     6   Next: 71%
Magic:  5/5        EV:  5    Int:  5    God:    Okawaru [......]
Gold:   252        SH: 11    Dex: 10    Spells: 0 memorised, 5 levels left

rFire  . . .     SeeInvis .     a - +1 flail
rCold  . . .     Gourm    .     y - +7 plate armour {ponderous}
rNeg   + . .     Faith    .     c - +0 shield
rPois  .         Spirit   .     (helmet restricted)
rElec  .         Dismiss  .     l - +2 cloak
rCorr  .         Reflect  .     (no gloves)
SustAt .         Harm     .     t - +0 pair of boots
MR     .....                    F - amulet of magic regeneration
Stlth  ..........               (no ring)
                                u - ring of positive energy

@: very slightly contaminated, slow, not resistant to hostile enchantments,
extremely unstealthy
A: retaliatory headbutt, horns 2
a: Renounce Religion


You were on level 5 of the Dungeon.
You worshipped Okawaru.
Okawaru was noncommittal.
You were not hungry.

You visited 1 branch of the dungeon, and saw 5 of its levels.
You also visited: Sewer.

You collected 252 gold pieces.

Inventory:

Hand Weapons
 a - a +1 flail (weapon)
Armour
 c - a +0 shield (worn)
 l - a +2 cloak (worn)
 t - a +0 pair of boots (worn)
 y - a +7 plate armour of ponderousness (worn)
Jewellery
 k - an uncursed ring of fire
 u - a ring of positive energy (left hand)
 v - an uncursed ring of loudness
 F - an amulet of magic regeneration (around neck)
Wands
 A - a wand of lightning (10/15)
Scrolls
 h - a scroll of remove curse
 n - a scroll of blinking
 o - 5 scrolls of teleportation
 q - 3 scrolls of fear
 E - 2 scrolls of identify
 H - a scroll of enchant weapon
Potions
 d - a potion of might
 g - 2 potions of cure mutation {unknown}
 j - a potion of berserk rage {unknown}
 r - 3 potions of heal wounds {unknown}
 s - 3 potions of curing {unknown}
 w - a potion of resistance {unknown}
 x - 3 potions of agility
 J - a potion of haste {unknown}
 K - a potion of mutation {unknown}
 L - 3 potions of flight {unknown}
 M - a potion of degeneration {unknown}
Comestibles
 f - 4 bread rations
 C - 2 royal jellies
 D - a beef jerky
 G - a slice of pizza
 I - 3 fruits
 N - 2 chunks of flesh


   Skills:
 - Level 3.6 Fighting
 - Level 2.4 Maces & Flails
 - Level 3.6 Armour
 * Level 9.2 Shields


You had 5 spell levels left.
You didn't know any spells.

Dungeon Overview and Level Annotations

Branches:
Dungeon (5/15)
 Temple: D:4-7

Altars:
Dithmenos
Okawaru
Xom
Zin


Innate Abilities, Weirdness & Mutations

You reflexively headbutt those who attack you in melee.
You have a pair of horns on your head.


Message History

You hit the ogre. Your headbutt misses the ogre.
The ogre is heavily wounded.
The ogre hits you with a giant spiked club!!
You hit the ogre. You headbutt the ogre!
The ogre is severely wounded.
You block the ogre's attack.
You hit the ogre.
The ogre is almost dead.
You hit the ogre.
You headbutt the ogre, but do no damage.
The ogre is almost dead.
The ogre hits you with a giant spiked club.
You hit the ogre.
The ogre is almost dead.
The ogre hits you with a giant spiked club!
* * * LOW HITPOINT WARNING * * *
You closely miss the ogre. Your headbutt misses the ogre.
The ogre is almost dead.
The ogre hits you with a giant spiked club!
You die...

#...... 8.....
#.... ####...#
#.##...##
#.#8...8#
####.##...##..#
#.<....@O.....#
#.............#
#........######
#........#
..........#
.........###
.........#
..........#


You could see an ogre.

Vanquished Creatures
  The ghost of sbjvksfvbljs the Gusty, an amateur HuAE (D:3)
  A hound (D:4)
  2 orc priests (D:4)
  An iguana (D:4)
  An orc wizard (D:4)
  2 adders
  4 gnolls (D:3)
  A worm (Sewer)
  3 dart slugs
  4 giant geckos
  8 orcs
  11 bats
  4 giant cockroaches
  12 goblins
  14 hobgoblins
  11 jackals
  2 quokkas
  3 ball pythons
  6 giant newts
  7 kobolds
  6 rats
104 creatures vanquished.

Notes
Turn   | Place    | Note
--------------------------------------------------------------
     0 | D:1      | Gottschkopf the Minotaur Fighter began the quest for the Orb.
     0 | D:1      | Reached XP level 1. HP: 19/19 MP: 0/0
    36 | D:1      | Reached skill level 4 in Shields
   181 | D:1      | Reached XP level 2. HP: 20/26 MP: 1/1
   490 | D:1      | Reached skill level 5 in Shields
   544 | D:1      | Reached XP level 3. HP: 31/31 MP: 2/2
  1498 | D:3      | Reached XP level 4. HP: 36/39 MP: 3/3
  1507 | D:3      | Reached skill level 6 in Shields
  1621 | D:3      | Found a shimmering altar of Xom.
  1839 | D:3      | Noticed sbjvksfvbljs's ghost (amateur HuAE)
  1870 | D:3      | Killed sbjvksfvbljs's ghost
  1870 | D:3      | Reached skill level 7 in Shields
  1870 | D:3      | Reached XP level 5. HP: 34/45 MP: 4/4
  1958 | D:3      | Reached skill level 8 in Shields
  2073 | D:3      | Reached XP level 6. HP: 51/51 MP: 5/5
  2513 | D:4      | Found a glowing drain.
  2537 | Sewer    | Entered a sewer
  2918 | D:4      | Reached skill level 9 in Shields
  3120 | D:4      | Found a shadowy altar of Dithmenos.
  3138 | D:4      | Found an iron altar of Okawaru.
  3142 | D:4      | Found a glowing silver altar of Zin.
  3158 | D:4      | Became a worshipper of Warmaster Okawaru
  3396 | D:5      | Entered Level 5 of the Dungeon
  3409 | D:5      | Slain by an ogre

Vault maps used:
D:1:      mushboom_english_gardens, serial_forest, infiniplex_forest_clump_C,
          infiniplex_forest_corner_1, infiniplex_forest_clump_double,
          infiniplex_forest_clump_small, infiniplex_forest_clump_small
D:2:      first_bread
D:3:      corexii_shack_village, xom_teletrap_fun
D:4:      grunt_temple_overflow_open, portal_sewer_entry_d,
          eino_small_chamber_without_monster,
          nicolae_dithmenos_through_a_glass_darkly
D:5:      led_sif_book, serial_corexii_hall, corexii_hall_statues_s,
          corexii_hall_statues_s, corexii_hall_statues_x, fedhas_altar_3
Sewer:    sewer_fruit_machine

Skill      XL: |  1  2  3  4  5  6 |
---------------+-------------------+-----
Shields        | 4 5 7 8 9 |  9.2
Fighting       | |  3.6
Maces & Flails | |  2.4
Armour         | |  3.6

Action                   |  1- 3 |  4- 6 || total
-------------------------+-------+-------++-------
Melee: Flail             |    99 |   191 ||   290
  Use: Scroll            |       |    11 ||    11
  Eat: Chunk             |     2 |     7 ||     9
